 Dungeon Crawl Stone Soup version 0.23-a0-667-gc184e93 (console) character file.

930 Voker57 the Slasher (level 7, -2/55 HPs)
             Began as a Demonspawn Gladiator on Jan 8, 2019.
             Slain by an ogre
             ... wielding a +0 giant club
              (12 damage)
             ... on level 5 of the Dungeon.
             The game lasted 00:06:27 (4539 turns).

Voker57 the Slasher (Demonspawn Gladiator)          Turns: 4539, Time: 00:06:28

Health: -2/55      AC: 11    Str: 15    XL:     7   Next: 86%
Magic:  7/7        EV: 15    Int:  9    God:
Gold:   203        SH:  0    Dex: 16    Spells: 6/6 levels left

rFire    . . .     SeeInvis .   d - +1 long sword (protect)
rCold    . . .     Gourm    .   (no shield)
rNeg     . . .     Faith    .   b - +0 leather armour
rPois    .         Spirit   .   c - +0 helmet
rElec    .         Reflect  .   (no cloak)
rCorr    .         Harm     .   (no gloves)
MR       .....                  (no boots)
Stlth    ++........             (no amulet)
HPRegen  0.18/turn              (no ring)
MPRegen  0.10/turn              (no ring)

@: protection aura
A: nightstalker 1, screaming 1, evolution 1
a: no special abilities


You were on level 5 of the Dungeon.
You were not hungry.

You visited 1 branch of the dungeon, and saw 5 of its levels.

You collected 203 gold pieces.

Inventory:

Hand Weapons
 a - a +1 long sword
 d - a +1 long sword of protection (weapon)
Armour
 b - a +0 leather armour (worn)
 c - a +0 helmet (worn)
Wands
 l - a wand of polymorph (11)
Scrolls
 e - 2 scrolls of identify
 g - 3 scrolls of fog
 h - 3 scrolls of immolation
 i - 3 scrolls of teleportation
 j - 3 scrolls of remove curse
 p - a scroll of magic mapping
Comestibles
 f - 8 rations
 k - 2 chunks of flesh


   Skills:
 + Level 4.8 Fighting
 * Level 6.4 Long Blades
 - Level 1.7 Throwing
 + Level 4.9 Dodging


You had 6 spell levels left.
You didn't know any spells.
Your spell library contained the following spells:

 Spells                   Type           Power        Failure   Level  Hunger
 Animate Skeleton         Necr           N/A          45%         1    ##.....
 Apportation              Tloc           #.....       45%         1    ##.....
 Confusing Touch          Hex            #.....       45%         1    ##.....
 Summon Butterflies       Summ           #.......     45%         1    ##.....
 Summon Small Mammal      Summ           #...         45%         1    ##.....
 Call Canine Familiar     Summ           #.......     83%         3    ####...
 Summon Ice Beast         Ice/Summ       #.......     99%         4    #####..
 Summon Mana Viper        Hex/Summ       #.......     100%        5    ######.
 Summon Hydra             Summ           #.........   100%        7    #######


Dungeon Overview and Level Annotations

Branches:
Dungeon (5/15)
 Temple: D:4-7

Altars:
Ashenzari
Fedhas
Makhleb
Trog
Wu Jian
Zin


Innate Abilities, Weirdness & Mutations

You are slightly more attuned to the shadows.
You occasionally shout uncontrollably at your foes.
You evolve.


Message History

l - a wand of polymorph (11) Some of the chunks of flesh in your inventory have rotted away.
HP restored.
An ogre comes into view. It is wielding a +0 giant club.
An ogre is nearby!
An ogre is nearby!
The ogre shouts!
The ogre barely misses you.
You riposte.
You barely miss the ogre. You hit the ogre but do no damage.
Your weapon exudes an aura of protection.
The ogre hits you with a +0 giant club!!
You hit the ogre.
The ogre is moderately wounded.
The ogre hits you with a +0 giant club!!
* * * LOW HITPOINT WARNING * * *
You are too injured to fight recklessly!
You slash the ogre!
The ogre is severely wounded.
The ogre hits you with a +0 giant club!
You die...

### #### ##.#
##..# ##.##
##.### ### #..#
#.## ..###..##
#.# #..###..#
#.# #.O.###.##
##.# #@.###..##
#..# #...###..#
#..# #....###.##
####..#
#.....##..#
......#
###........#
.)....#
###.#.......##
.)....#
#...........#
.†...##
#...........#
....##
##...........##
#...#
#.............##


You could see an ogre.

Vanquished Creatures
  The ghost of Lanoc the Insei, a novice DsMo (D:5)
  An orc warrior (D:5)
  Blork the orc (D:4)
  A scorpion (D:4)
  A crimson imp (D:3)
  A hound (D:4)
  A gnoll shaman (D:5)
  3 iron imps (D:3)
  An orc wizard (D:5)
  An iguana (D:4)
  3 gnolls (D:5)
  6 adders
  An ooze (D:2)
  5 worms
  A dart slug (D:1)
  2 leopard geckos
  12 orcs
  A ball python (D:5)
  4 giant cockroaches
  5 goblins
  5 hobgoblins
  4 jackals (D:4)
  6 kobolds
  A quokka (D:4)
  6 bats
  3 frilled lizards
  A quokka skeleton (D:4)
  A quokka zombie (D:5)
  5 rats
84 creatures vanquished.

Notes
Turn   | Place    | Note
-------+----------+-------------------------------------------
     0 | D:1      | Voker57 the Demonspawn Gladiator began the quest for the
                  | Orb.
     0 | D:1      | Reached XP level 1. HP: 16/16 MP: 1/1
   265 | D:1      | Reached skill level 3 in Long Blades
   270 | D:1      | Gained mutation: You are slightly more attuned to the
                  | shadows. [demonic ancestry]
   270 | D:1      | Reached XP level 2. HP: 22/22 MP: 2/2
  1040 | D:2      | Reached XP level 3. HP: 24/28 MP: 3/3
  1090 | D:2      | Found a blossoming altar of Fedhas.
  1091 | D:2      | Found a shattered altar of Ashenzari.
  1092 | D:2      | Found a bloodstained altar of Trog.
  1094 | D:2      | Found a glowing silver altar of Zin.
  1095 | D:2      | Found an ornate altar of the Wu Jian Council.
  1615 | D:2      | Reached XP level 4. HP: 7/34 MP: 4/4
  2142 | D:3      | Reached skill level 4 in Long Blades
  2142 | D:3      | Reached XP level 5. HP: 5/41 MP: 5/5
  2650 | D:3      | Found a burning altar of Makhleb.
  2687 | D:3      | HP: 2/41 [iron imp (11)]
  3233 | D:4      | Noticed Blork the orc
  3256 | D:4      | Reached XP level 6. HP: 16/47 MP: 6/6
  3258 | D:4      | Killed Blork the orc
  3258 | D:4      | Reached skill level 5 in Long Blades
  3821 | D:5      | Entered Level 5 of the Dungeon
  3847 | D:5      | Found a runed door.
  3850 | D:5      | Noticed Lanoc's ghost (novice DsMo)
  3914 | D:5      | Noticed an orc warrior
  3930 | D:5      | Gained mutation: You occasionally shout uncontrollably at
                  | your foes. [potion of mutation]
  3930 | D:5      | Gained mutation: You evolve. [potion of mutation]
  3935 | D:5      | Killed an orc warrior
  4237 | D:5      | Reached XP level 7. HP: 54/54 MP: 7/7
  4286 | D:5      | Killed Lanoc's ghost
  4286 | D:5      | Reached skill level 6 in Long Blades
  4316 | D:5      | Found a runed door.
  4539 | D:5      | Slain by an ogre

Vault maps used:
D:1:      minmay_arrival_glassed_features, nrook_mini_backslash
D:2:      grunt_temple_overflow_open, minmay_misc_feat_pillars
D:3:      demons_altar, first_ration
D:4:      uniq_blork_the_orc
D:5:      ebering_ghost_sewer_f, lemuel_altar_in_water

Skill      XL: |  1  2  3  4  5  6  7 |
---------------+----------------------+-----
Long Blades    | 3 4 5 6 |  6.4
Dodging        | 3 4 |  4.9
Fighting       | 3 4 |  4.8
Throwing       | |  1.7

Action                   |  1- 3 |  4- 6 |  7- 9 || total
-------------------------+-------+-------+-------++-------
Melee: Long sword        |    95 |   145 |    82 ||   322
Throw: Throwing net      |       |     7 |       ||     7
  Use: Potion            |       |     8 |     2 ||    10
       Scroll            |       |     9 |       ||     9
 Stab: Sleeping          |     4 |     5 |     1 ||    10
       Held in net/web   |       |     1 |       ||     1
  Eat: Chunk             |     2 |     9 |     1 ||    12
Armor: Leather armour    |    28 |    39 |    14 ||    81
       Skin              |       |    16 |    40 ||    56
Dodge: Dodged            |    73 |   102 |    48 ||   223
       Rpst.: Long sword |    27 |    35 |    14 ||    76

Table legend:
 A = Non-vault XP
 B = Vault XP
 C = Vault XP percentage of total XP
 D = Non-vault monster count
 E = Vault monster count
 F = Vault count percentage of total count
                 A         B        C        D         E       F
            +---------+---------+-------+---------+---------+-------
      Total |     643 |     686 |  51.6 |      75 |       9 |  10.7
            +---------+---------+-------+---------+---------+-------
        D:1 |      18 |       0 |   0.0 |      10 |       0 |   0.0
        D:2 |      97 |       0 |   0.0 |      19 |       0 |   0.0
        D:3 |      90 |     118 |  56.7 |      20 |       3 |  13.0
        D:4 |     174 |      90 |  34.1 |      13 |       1 |   7.1
        D:5 |     264 |     478 |  64.4 |      13 |       5 |  27.8
            +---------+---------+-------+---------+---------+-------
